 Dungeon Crawl Stone Soup version 0.29.1-12-g30fa7ad0bf (webtiles) character file.

Game seed: 13377402583281588562

2390 FexLirch the Thaumaturge (level 10, -5/70 HPs)
             Began as a Meteoran Earth Elementalist on Jan 15, 2023.
             Was an Initiate of Cheibriados.
             Slain by a yak (8 damage)
             ... on level 7 of the Dungeon.
             The game lasted 00:16:53 (2295 turns).

FexLirch the Thaumaturge (MeEE)                     Turns: 2295, Time: 00:16:54

Health: -5/70      AC:  6    Str: 10    XL:     10   Next: 3%
Magic:  24/24      EV: 13    Int: 23    God:    Cheibriados [......]
Gold:   157        SH:  0    Dex: 16    Spells: 12/27 levels left

rFire   . . .      SeeInvis .   k - +0 dagger (venom)
rCold   . . .      Faith    .   (no shield)
rNeg    . . .      Spirit   .   d - +2 robe
rPois   .          Reflect  .   l - +0 helmet
rElec   .          Harm     .   t - +0 cloak
rCorr   .          Rampage  .   (no gloves)
Will    +....                   (no boots)
Stlth   +.........              (no amulet)
HPRegen 0.21/turn               (no ring)
MPRegen 0.19/turn               (no ring)

@: glowing, very slow
A: sense surroundings 2, otherworldly, glowing, explore regen
a: Renounce Religion


You were on level 7 of the Dungeon.
You worshipped Cheibriados.
Cheibriados was noncommittal.
You visited 2 branches of the dungeon, and saw 9 of its levels.
You also visited: Sewer.

You collected 245 gold pieces.
You spent 88 gold pieces at shops.

Inventory:

Hand Weapons
 f - a +0 dagger
 k - a +0 dagger of venom (weapon)
 u - a +2 quarterstaff of chaos
Missiles
 g - 15 poisoned darts
Armour
 a - a +0 robe
 d - a +2 robe (worn)
 l - a +0 helmet (worn)
 t - a +0 cloak (worn)
Jewellery
 n - an amulet of faith
Wands
 o - a wand of roots (4)
 r - a wand of acid (6)
 v - a wand of flame (13)
 y - a wand of paralysis (6)
Scrolls
 c - a scroll of vulnerability
 i - a scroll of teleportation
 j - 4 scrolls of fog
 m - 2 scrolls of magic mapping {unknown}
 s - a scroll of noise {unknown}
 B - a scroll of amnesia {unknown}
Potions
 b - a potion of magic
 e - a potion of attraction {unknown}
 h - 2 potions of invisibility {unknown}
 p - a potion of flight {unknown}
 q - 2 potions of lignification {unknown}
 w - 2 potions of curing
 x - a potion of degeneration
 z - a potion of brilliance
 A - a potion of heal wounds {unknown}


   Skills:
 + Level 0.8 Fighting
 + Level 2.7 Dodging
 - Level 1.4 Stealth
 + Level 9.2 Spellcasting
 + Level 8.1 Conjurations
 + Level 0.8 Necromancy
 - Level 6.9 Transmutations
 - Level 6.0 Earth Magic


You had 12 spell levels left.
You knew the following spells:

 Your Spells              Type           Power      Damage    Failure   Level
a - Sandblast             Erth           76%        2d16      1%          1
b - Passwall              Tmut/Erth      33%        N/A       1%          2
c - Stone Arrow           Conj/Erth      86%        3d12      1%          3
d - Petrify               Tmut/Erth      40%        N/A       4%          4
e - Borgnjor's Vile Clut  Necr/Erth      13%        N/A       38%         5

Your spell library contained the following spells:

 Spells                   Type           Power      Damage    Failure   Level
 Summon Guardian Golem    Hex/Summ       10%        N/A       19%         3
 Animate Dead             Necr           14%        N/A       38%         4
 Orb of Destruction       Conj           24%        9d9       88%         7
 Death Channel            Necr           7%         N/A       100%        6
 Spellforged Servitor     Conj/Summ      14%        N/A       100%        7


Dungeon Overview and Level Annotations

Branches:
Dungeon (8/15) Zot: 4399   Temple (1/1) D:5 Zot: 813   Sewer (visited)
   Lair: D:8-11

Altars:
Ashenzari
Cheibriados
Elyvilon
Fedhas
Gozag
Kikubaaqudgha
Okawaru
Ru
Vehumet
Xom
Zin

Shops:
D:5 !   D:7 *


Innate Abilities, Weirdness & Mutations

You passively map the area around you.
You are easily found by Zot.
You glow in the dark.
You regain HP and MP as you explore.


Message History

You kill the acid dragon!
Cheibriados appreciates the change of pace.
You have reached level 10!
You open the door.
Found 10 gold pieces.
There is an open door here.
Found 2 stones.
You now have 157 gold pieces (gained 10).
HP restored.
Magic restored.
As you open the door, it creaks loudly!
There is an open door here.
There is a stone staircase leading down here.
You climb downwards.
The yak gores you! x2; The yak gores you. x2
The yak gores you but does no damage. The yak closely misses you.
The yak gores you!
There is a stone staircase leading up, spattered with blood here.
The yak gores you but does no damage. The yak barely misses you.
The yak gores you!
* * * LOW HITPOINT WARNING * * *
The yak misses you.
You climb upwards.
There is a stone staircase leading down here.
The yak attacks as you move away! The yak gores you but does no damage.
The yak attacks as you move away! The yak gores you!
* * * LOW HITPOINT WARNING * * *
Casting: Stone Arrow (safe; 1% risk of failure)
Confirm with . or Enter, or press ? or * to list all spells.
Okay, then.
Unknown command.
Unknown command.
Casting: Stone Arrow (safe; 1% risk of failure)
Confirm with . or Enter, or press ? or * to list all spells.
Okay, then.
Unknown command.
Unknown command.
The yak gores you!
* * * LOW HITPOINT WARNING * * *
The yak gores you!
You die...

#........#............#....#
,,
#........#..###.......#....#
*
#........#'.#.#.##....#....#
.####....#..###.##....#....#
, .# #....#............#....#
+ .#
#....#...#........'....#####
.#
#....#####..#######....#...#
.#
#........####..........#...##
.#
#........>YY@..........#.....
.#
#..........YY......#####.....
.# #..................+
####### .#
#....##+#..........# ,#.....#
.# #....#, #####......#
,#.....# .# #....# #......#
#.....' .# #....# **,
#......####.....# .# #....#
,#...........##### .# #....#
* #...........# #.


You could see 4 yaks.

Vanquished Creatures
  Pikel (D:6)
  Grinder (D:6)
  A yak (D:8)
  Menkaure (D:5)
  Edmund (D:5)
  An acid dragon (D:7)
  An ice beast (D:6)
  A black bear (D:8)
  An ogre (D:5)
  5 kobold brigands (Sewer)
  A lemure (D:6)
  A scorpion (D:5)
  3 howler monkeys (D:6)
  A jelly (D:6)
  4 hounds
  An orc priest (D:6)
  Crazy Yiuf (D:6)
  A gnoll bouda (D:4)
  3 orc wizards
  4 adders
  3 river rats
  A white imp (D:7)
  An ufetubus (D:5)
  3 worms
  8 orcs
  3 ball pythons (Sewer)
  8 endoplasms
  2 goblins
  A hobgoblin (D:4)
  4 jackals (D:2)
  A quokka (D:5)
  6 bats
  2 frilled lizards
  9 kobolds
  7 rats
93 creatures vanquished.

Vanquished Creatures (others)
  A fungus (D:8)
1 creature vanquished.

Grand Total: 94 creatures vanquished

Notes
Turn   | Place    | Note
-------+----------+-------------------------------------------
     0 | D:1      | FexLirch the Meteoran Earth Elementalist began the quest
                  | for the Orb.
     0 | D:1      | Reached XP level 1. HP: 14/14 MP: 5/5
   160 | D:2      | Reached XP level 2. HP: 13/20 MP: 0/6
   171 | D:2      | Reached skill level 3 in Spellcasting
   171 | D:2      | Reached skill level 1 in Conjurations
   206 | D:3      | Learned a level 2 spell: Passwall
   236 | D:3      | Found a faded altar of an unknown god.
   263 | D:2      | Reached XP level 3. HP: 26/26 MP: 4/8
   300 | D:3      | Reached XP level 4. HP: 31/33 MP: 3/10
   329 | D:3      | Found a glowing drain.
   336 | Sewer    | Entered a sewer
   402 | Sewer    | Noticed a kobold brigand
   402 | Sewer    | Noticed a kobold brigand
   416 | Sewer    | Killed a kobold brigand
   417 | Sewer    | Reached skill level 4 in Spellcasting
   417 | Sewer    | Reached XP level 5. HP: 31/38 MP: 4/12
   422 | Sewer    | Killed a kobold brigand
   423 | Sewer    | Reached skill level 5 in Earth Magic
   423 | Sewer    | Reached XP level 6. HP: 37/45 MP: 1/13
   510 | Sewer    | Reached skill level 5 in Spellcasting
   510 | Sewer    | Reached XP level 7. HP: 50/50 MP: 8/15
   693 | Sewer    | Glimpsed the power of Zot.
   836 | D:4      | Learned a level 3 spell: Stone Arrow
   841 | D:4      | Learned a level 4 spell: Petrify
   849 | D:5      | Entered Level 5 of the Dungeon
   865 | D:4      | Reached skill level 6 in Spellcasting
   885 | D:5      | Noticed Menkaure
   888 | D:5      | Killed Menkaure
   933 | D:7      | Found Zin's Purification Station.
   936 | D:7      | Found a glowing silver altar of Zin.
   936 | D:7      | Noticed an acid dragon
   969 | D:6      | Noticed a two-headed ogre
  1039 | D:6      | Reached XP level 8. HP: 57/57 MP: 11/18
  1047 | D:6      | Reached skill level 5 in Conjurations
  1174 | D:6      | Noticed Pikel
  1187 | D:6      | Killed Pikel
  1188 | D:6      | Reached skill level 7 in Spellcasting
  1188 | D:6      | Gained mutation: You passively map the area around you.
                  | [Meteoran growth]
  1188 | D:6      | Reached XP level 9. HP: 48/62 MP: 4/21
  1247 | D:7      | Reached skill level 5 in Transmutations
  1480 | D:8      | Reached skill level 8 in Spellcasting
  1641 | D:6      | Noticed Grinder
  1644 | D:6      | Killed Grinder
  1684 | D:6      | Found a runed translucent door.
  1685 | D:6      | Noticed Crazy Yiuf
  1689 | D:6      | Killed Crazy Yiuf
  1763 | D:6      | Found an ancient bone altar of Kikubaaqudgha.
  1797 | D:5      | Found Wiguep's Distillery.
  1805 | D:5      | Bought a potion of curing for 33 gold pieces
  1805 | D:5      | Bought a potion of degeneration for 11 gold pieces
  1805 | D:5      | Bought a potion of brilliance for 44 gold pieces
  1944 | D:5      | Noticed Edmund
  1950 | D:5      | Killed Edmund
  1951 | D:5      | Reached skill level 9 in Spellcasting
  1951 | D:5      | Found a staircase to the Ecumenical Temple.
  1964 | Temple   | Entered the Ecumenical Temple
  1996 | Temple   | Became a worshipper of Cheibriados the Contemplative
  2058 | D:5      | Found an opulent altar of Gozag.
  2153 | D:5      | Learned a level 5 spell: Borgnjor's Vile Clutch
  2163 | D:5      | Found a sacrificial altar of Ru.
  2247 | D:7      | Reached XP level 10. HP: 48/70 MP: 14/24
  2295 | D:7      | HP: 3/70 [yak (12)]
  2295 | D:7      | Slain by a yak

Illustrated notes

Levels and vault maps discovered:
D:1:      giann_horns, layout_basic
D:2:      layout_basic, uniq_jessica, uniq_natasha
D:3:      layout_loops_cross, nicolae_hepliaklqana_hazy_memory,
          hellmonk_ecumenical_altar_arch_garden, lightli_sewer_entry_pipes,
          serial_shops, shop_statue
D:4:      layout_basic, minmay_surrounded
D:5:      layout_loops_ring, grunt_gozag_statues,
          nicolae_ru_great_annihilating_truth,
          minmay_temple_entry_statues_pillars, serial_glass, glass_columns_a,
          glass_columns_c, serial_shops, shop, uniq_edmund, uniq_menkaure
D:6:      layout_loops_corners, mainiacjoe_overflow_boulevard, uniq_grinder,
          uniq_crazy_yiuf_cottage, uniq_pikel
D:7:      layout_gridville, zin_purify, item_on_display_a
D:8:      layout_loops_corners, nicolae_qazlal_scattered_showers,
          nzn_wu_jian_contemplation, nicolae_yredelemnul_corpse_copse,
          lemuel_coloured_pillars_altar, grunt_lair_entry_orc_guard_hut
Temple:   cyrus_temple_forest

Skill      XL: |  1  2  3  4  5  6  7  8  9 |
---------------+----------------------------+-----
Spellcasting   | 3 4 5 6 7 9 |  9.2
Conjurations   | 1 2 3 4 6 8 |  8.1
Earth Magic    | 4 5 6 |  6.0
Transmutations | 2 4 6 |  6.9
Fighting       | |  0.8
Dodging        | |  2.7
Stealth        | |  1.4
Necromancy     | |  0.8

Action                   |  1- 3 |  4- 6 |  7- 9 | 10-12 || total
-------------------------+-------+-------+-------+-------++-------
Melee: Unarmed           |    13 |       |       |       ||    13
       Punch             |     1 |       |       |       ||     1
       Dagger            |       |       |     1 |       ||     1
 Cast: Sandblast         |    28 |    33 |    69 |       ||   130
       Stone Arrow       |       |       |    55 |       ||    55
       Petrify           |       |       |     2 |       ||     2
       Passwall          |       |       |    13 |       ||    13
  Use: Scroll            |       |       |     3 |       ||     3
 Stab: Sleeping          |       |       |     1 |       ||     1
Armor: Robe              |     5 |     1 |     3 |     3 ||    12
Dodge: Dodged            |    15 |     7 |    22 |     3 ||    47
